 Dungeon Crawl Stone Soup version 0.27-a0-328-g7f782ed93a (webtiles) character file.

Game seed: 18434396656212057769

0 CurlyBrace the Caller (level 1, -8/7 HPs)
             Began as a Felid Summoner on Feb 11, 2021.
             Hit by a boomerang thrown by an orc warrior (13 damage)
             ... on level 2 of the Dungeon.
             The game lasted 00:01:19 (186 turns).

CurlyBrace the Caller (Felid Summoner)               Turns: 186, Time: 00:01:19

Health: -8/7       AC:  1    Str:  4    XL:     1   Next: 8%
Magic:  4/4        EV: 18    Int: 16    God:
Gold:   26         SH:  0    Dex: 16    Spells: 3/4 levels left
                                        Lives:  0   Deaths: 0

rFire    . . .     SeeInvis +   (weapon unavailable)
rCold    . . .     Faith    .   (shield unavailable)
rNeg     . . .     Spirit   .   (armour unavailable)
rPois    .         Reflect  .   (helmet unavailable)
rElec    .         Harm     .   (cloak unavailable)
rCorr    .         Rampage  .   (gloves unavailable)
Will     .....                  (boots unavailable)
Stlth    +++.......             (no amulet)
HPRegen  0.02/turn              (no ring)
MPRegen  0.09/turn              (no ring)

@: quick
A: very small, no armour, no weapons or thrown items, stealth, claws 1, fangs 3,
see invisible, speed 1, shaggy fur 1, sharp paws
a: no special abilities


You were on level 2 of the Dungeon.
You visited 1 branch of the dungeon, and saw 2 of its levels.

You collected 26 gold pieces.

Inventory:

Scrolls
 t - a scroll of teleportation


   Skills:
 * Level 0.1 Fighting
 + Level 2.7 Dodging
 + Level 2.7 Stealth
 * Level 0.0 Unarmed Combat
 - Level 2.0 Spellcasting
 - Level 4.0 Summonings


You had 3 spell levels left.
You knew the following spells:

 Your Spells              Type           Power        Failure   Level
a - Summon Small Mammal   Summ           56%          4%          1

Your spell library contained the following spells:

 Spells                   Type           Power        Failure   Level
 Call Imp                 Summ           14%          6%          2
 Call Canine Familiar     Summ           14%          12%         3
 Summon Guardian Golem    Hex/Summ       8%           26%         3
 Summon Ice Beast         Ice/Summ       8%           65%         4
 Summon Lightning Spire   Summ/Air       8%           65%         4


Dungeon Overview and Level Annotations

Branches:
Dungeon (2/15)

Altars:


Innate Abilities, Weirdness & Mutations

You cannot wear armour.
You are incapable of wielding weapons or throwing items.
Your paws allow you to move quietly. (Stealth)
You have sharp claws.
You have razor-sharp teeth.
You have supernaturally acute eyesight. (SInv)
You cover ground quickly.
You are covered in fur. (AC +1)
Your sharp claws are effective at attacking unaware monsters.


Message History

You closely miss the bat.
The bat is severely wounded.
The bat completely misses you. The bat barely misses you.
The bat hits you but does no damage.
You barely miss the bat. You bite the bat, but do no damage.
The bat is severely wounded.
The bat closely misses you. x2
You closely miss the bat.
The bat is severely wounded.
The bat misses you. The bat completely misses you.
The bat hits you but does no damage.
You miss the bat.
The bat is severely wounded.
The bat closely misses you.
You scratch the bat.
You kill the bat!
You see here a bat corpse.
As you read the scroll labelled DAETIE NA VALU, it crumbles to dust.
It is a scroll of identify.
b - a scroll of teleportation;
t - a scroll of teleportation
Found 16 gold pieces.
You see here 16 gold pieces.
You now have 26 gold pieces (gained 16).
A kobold comes into view.
A kobold comes into view.
Found a club.
The kobold throws a stone.
The stone barely misses you.
Found a stone staircase leading up.
A hobgoblin comes into view. It is wielding a +0 club.
The hobgoblin shouts!
You hear a shout!
Found 23 sling bullets.
The kobold throws a stone.
The stone closely misses you. The hobgoblin misses you.
An orc warrior comes into view. It is wielding a +0 short sword.
The hobgoblin closely misses you.
The orc warrior shouts!
You hear a shout!
An orc comes into view. It is wielding a +0 whip.
The orc warrior throws a boomerang.
The boomerang hits you!
Ouch! That really hurt!
You die...

#o. #.#.# #o#.#
#.#.# ## #.#.#
....###.#.#
#...<..K#####
#.###@......#
#....g.###.)#
#####..###K.###
#..#.......
#.K#.#..#
#.......#
##......#
###.#### #.# ##
..


You could see an orc warrior, an orc, a hobgoblin and 2 kobolds.

Vanquished Creatures
  A bat (D:2)
1 creature vanquished.

Notes
Turn   | Place    | Note
-------+----------+-------------------------------------------
     0 | D:1      | CurlyBrace the Felid Summoner began the quest for the Orb.
     0 | D:1      | Reached XP level 1. HP: 7/7 MP: 4/4
   184 | D:2      | Noticed an orc warrior
   186 | D:2      | Hit by a boomerang thrown by an orc warrior

Illustrated notes

Levels and vault maps discovered:
D:1:      sevenhm_arrival_forest_fort_small_5, layout_rooms, chequers_arboretum
D:2:      layout_loops_cross, lemuel_crystal_altar

Action                   || total
-------------------------++-------
Melee: Unarmed           ||    11
       Bite              ||     2
  Use: Scroll            ||     1
Armor: Skin              ||     5
Dodge: Dodged            ||    28

Table legend: (Time is in decaauts)
 A = Elapsed time spent in this place.
 B = Non-inter-level travel time spent in this place.
 C = Inter-level travel time spent in this place.
 D = Time resting spent in this place.
 E = Time spent auto-exploring this place.
 F = Levels seen in this place.
 G = Mean time per level.
                   A        B        C        D        E       F      G
               +--------+--------+--------+--------+--------+-----+--------+
         Total |    155 |    155 |      0 |      0 |      0 |   2 |   77.5 |
       Dungeon |    155 |    155 |      0 |      0 |      0 |   2 |   77.5 |
               +--------+--------+--------+--------+--------+-----+--------+

Top non-repeatable levels by time:
     D:2: 96 daAuts
     D:1: 58 daAuts
